 Dungeon Crawl Stone Soup version 0.30.1-11-g7821555f0a (webtiles) character file.

Game seed: 12552087265206392743

273 porpoise the Shooter (level 6, -2/53 HPs)
             Began as a Minotaur Hunter on Jan 12, 2024.
             Killed by divine providence
             ... invoked by an orc priest
              (16 damage)
             ... on level 3 of the Dungeon.
             The game lasted 00:05:40 (2047 turns).

porpoise the Shooter (Minotaur Hunter)              Turns: 2047, Time: 00:05:41

Health: -2/53      AC:  5    Str: 15    XL:     6   Next: 2%
Magic:  5/5        EV: 12    Int:  6    God:
Gold:   130        SH:  0    Dex: 16    Spells: 5/5 levels left

rFire   . . .        a - +0 shortbow
rCold   . . .        (shield currently unavailable)
rNeg    . . .        c - +0 leather armour
rPois   .            (helmet restricted)
rElec   .            d - +0 cloak
rCorr   .            (no gloves)
SInv    .            j - +0 pair of boots
Will    ++...        (no amulet)
Stlth   +            h - ring of willpower
HPRegen 0.28/turn    n - ring of willpower
MPRegen 0.09/turn

%: no passive effects
@: no status effects
A: horns 2, retaliatory headbutt
a: no special abilities


You were on level 3 of the Dungeon.
You visited 1 branch of the dungeon, and saw 3 of its levels.

You collected 130 gold pieces.

Inventory:

Hand Weapons
 a - a +0 shortbow (weapon)
 e - a +0 flail
 r - a +0 war axe
Missiles
 p - 3 datura-tipped darts
Armour
 c - a +0 leather armour (worn)
 d - a +0 cloak (worn)
 j - a +0 pair of boots (worn)
Jewellery
 h - a ring of willpower (left hand)
 n - a ring of willpower (right hand)
Scrolls
 b - 3 scrolls of immolation
 i - a scroll of blinking {unknown}
 k - a scroll of fog {unknown}
 l - 2 scrolls of identify
 m - a scroll of poison
 o - a scroll of enchant weapon {unknown}
 q - a scroll of teleportation {unknown}
 s - a scroll of brand weapon {unknown}
Potions
 f - a potion of curing
 t - a potion of attraction {unknown}


   Skills:
 + Level 4.7 Fighting
 * Level 7.0 Ranged Weapons
 - Level 2.1 Dodging
 - Level 0.7 Stealth


You had 5 spell levels left.
You didn't know any spells.
Your spell library was empty.

Dungeon Overview and Level Annotations

Branches:
Dungeon (3/15)

Altars:
Ashenzari


Innate Abilities, Weirdness & Mutations

You have a pair of horns on your head.
You reflexively headbutt those who attack you in melee.


Message History

The orc misses you. You furiously retaliate!
You headbutt the orc.
You kill the orc!
Fire: a) +0 shortbow
Press: ? - help, Q - select action, (/) - cycle Shift-Dir - straight line, f - orc priest
Aim: an orc priest, wielding a +0 dagger (65% to hit)
You shoot an arrow.
The arrow closely misses the orc priest.
The arrow hits the jackal.
You kill the jackal!
The orc priest hits you with a +0 dagger.
Fire: a) +0 shortbow
Press: ? - help, Q - select action, (/) - cycle Shift-Dir - straight line, f/p - orc priest
Aim: an orc priest, wielding a +0 dagger (65% to hit)
You shoot an arrow. The arrow hits the orc priest.
The orc priest is lightly wounded.
The orc priest hits you with a +0 dagger.
* * * LOW HITPOINT WARNING * * *
Fire: a) +0 shortbow
Press: ? - help, Q - select action, (/) - cycle Shift-Dir - straight line, f/p - orc priest
Aim: an orc priest, wielding a +0 dagger (lightly wounded, 65% to hit)
You shoot an arrow.
The arrow hits the orc priest but does no damage.
The orc priest is lightly wounded.
The orc priest miscasts a cantrip.
Fire: a) +0 shortbow
Press: ? - help, Q - select action, (/) - cycle Shift-Dir - straight line, f/p - orc priest
Aim: an orc priest, wielding a +0 dagger (lightly wounded, 65% to hit)
You shoot an arrow.
The arrow hits the orc priest but does no damage.
The orc priest is lightly wounded.
The orc priest hits you with a +0 dagger.
* * * LOW HITPOINT WARNING * * *
Fire: a) +0 shortbow
Press: ? - help, Q - select action, (/) - cycle Shift-Dir - straight line, f/p - orc priest
Aim: an orc priest, wielding a +0 dagger (lightly wounded, 65% to hit)
You shoot an arrow. The arrow barely misses the orc priest.
The arrow hits the jackal but does no damage.
The orc priest invokes the aid of Beogh against you.
Beogh smites you!
You die...

## #. ######## § #. #......#
§.####. #..○...# .......
###......#
###....#####.....○..###
#.....)oho@..†○○.°....##
..##°.######○.○........# $...
....#.○.†.....# ###...
##########.8P.# #.. .##....###
######....8#
#.###.##.......####......#####
#.##............##........##
......#.................<..#
....#.#....................#


You could see an orc priest, an orc and a jackal.

Vanquished Creatures
  2 orc priests (D:3)
  A sleepcap (D:3)
  A hound skeleton (D:3)
  2 gnolls (D:1)
  6 adders
  An adder zombie (D:3)
  An adder skeleton (D:3)
  2 dart slugs
  9 orcs (D:3)
  5 bats (D:1)
  4 endoplasms
  2 giant cockroaches (D:1)
  15 goblins
  5 hobgoblins
  6 jackals
  6 kobolds
  6 quokkas
  4 ball pythons
  3 frilled lizards
  A quokka zombie (D:3)
  3 rats (D:1)
85 creatures vanquished.

Notes
Turn   | Place    | Note
-------+----------+-------------------------------------------
     0 | D:1      | porpoise the Minotaur Hunter began the quest for the Orb.
     0 | D:1      | Reached XP level 1. HP: 18/18 MP: 0/0
   120 | D:1      | Reached XP level 2. HP: 25/25 MP: 1/1
   204 | D:1      | Reached skill level 5 in Ranged Weapons
   255 | D:1      | Reached XP level 3. HP: 31/31 MP: 2/2
   659 | D:1      | Found a faded altar of an unknown god.
   995 | D:2      | Reached XP level 4. HP: 38/38 MP: 3/3
  1079 | D:2      | Reached skill level 6 in Ranged Weapons
  1675 | D:3      | Found a broken altar of Ashenzari.
  1766 | D:3      | Reached XP level 5. HP: 41/46 MP: 4/4
  2040 | D:3      | Reached skill level 7 in Ranged Weapons
  2040 | D:3      | Reached XP level 6. HP: 17/53 MP: 5/5
  2047 | D:3      | Killed from afar by an orc priest

Illustrated notes

Levels and vault maps discovered:
D:1:      kilobyte_arrival_exit_the_forest, layout_basic,
          chequers_ecumenical_altar_grove, minmay_misc_feat_tiny,
          minmay_heptomino_w4
D:2:      layout_loops_ring, moated_statue
D:3:      layout_rooms, pf_just_have_faith, nicolae_dithmenos_the_darkroom,
          serial_undead, serial_undead_c, serial_undead_a, serial_undead_e,
          serial_undead_d, nicolae_shop_unique_rings, minmay_starry_boxes

Skill      XL: |  1  2  3  4  5 |
---------------+----------------+-----
Fighting       | 3 4 |  4.7
Ranged Weapons | 5 6 7 |  7.0
Dodging        | |  2.1
Stealth        | |  0.7

Action                     |  1- 3 |  4- 6 || total
---------------------------+-------+-------++-------
   Fire: Shortbow          |    83 |   145 ||   228
    Use: Scroll            |       |     3 ||     3
 Armour: Leather armour    |     9 |    30 ||    39
  Dodge: Dodged            |    16 |    60 ||    76
